 Dungeon Crawl Stone Soup version 0.22.0-75-g3901e7991e (webtiles) character file.

310 Freyura the Poker (level 6, -7/72 HPs)
             Began as a Demonspawn Monk on Sept 12, 2018.
             Was a Believer of Makhleb.
             Mangled by a mummy (11 damage)
             ... in an ossuary.
             The game lasted 00:09:46 (3079 turns).

Freyura the Poker (Demonspawn Monk)                 Turns: 3079, Time: 00:09:47

Health: -7/72      AC: 14    Str: 18    XL:     6   Next: 18%
Magic:  7/7        EV:  9    Int: 11    God:    Makhleb [**....]
Gold:   147        SH:  0    Dex: 20    Spells: 5/5 levels left

rFire    . . .     SeeInvis .   a - +0 spear
rCold    . . .     Gourm    .   (no shield)
rNeg     . . .     Faith    .   k - +1 chain mail
rPois    .         Spirit   .   (helmet restricted)
rElec    .         Reflect  .   p - +2 cloak
rCorr    .         Harm     .   (no gloves)
MR       .....                  (no boots)
Stlth    ..........             (no amulet)
HPRegen  0.22/turn              (no ring)
MPRegen  0.10/turn              (no ring)

@: berserking, marked, very quick
A: horns 2, icy blue scales 1, agile 1, strong 1
a: Minor Destruction, Renounce Religion


You were in an ossuary.
You worshipped Makhleb.
Makhleb was pleased with you.
You were not hungry.

You visited 1 branch of the dungeon, and saw 5 of its levels.
You also visited: Ossuary.

You collected 147 gold pieces.

Inventory:

Hand Weapons
 a - a +0 spear (weapon)
Armour
 b - a +0 robe
 k - a +1 chain mail (worn)
 p - a +2 cloak (worn)
Jewellery
 g - a cursed ring of teleportation {unknown}
 j - a +1 ring of protection {unknown}
Scrolls
 d - 5 scrolls of teleportation
 l - a scroll of identify {unknown}
 o - 2 scrolls of remove curse
Potions
 e - 2 potions of curing
 f - a potion of mutation
 i - a potion of flight {unknown}
 n - a potion of degeneration {unknown}
Comestibles
 c - 9 rations


   Skills:
 + Level 4.0 Fighting
 * Level 4.6 Polearms
 + Level 1.3 Armour
 + Level 3.7 Dodging
 - Level 1.7 Stealth
 + Level 2.2 Invocations


You had 5 spell levels left.
You didn't know any spells.
Your spell library was empty.

Dungeon Overview and Level Annotations

Branches:
Dungeon (5/15)
 Temple: D:4-7

Altars:
Ashenzari
Fedhas
Gozag
Makhleb
Okawaru
Ru
Sif Muna
Xom
Zin


Innate Abilities, Weirdness & Mutations

You have a pair of horns on your head.
You are partially covered in icy blue scales. (AC +2)
You are agile. (Dex +2)
Your muscles are strong. (Str +2)


Message History

* * * LOW HITPOINT WARNING * * *
It was a potion of mutation.
You feel extremely strange.
You feel stronger.
You feel agile.
The jackal zombie bites you but does no damage.
The elf zombie hits you but does no damage.
The mummy hits you but does no damage. x2
It was a potion of berserk rage.
A red film seems to cover your vision as you go berserk!
You feel yourself moving faster!
You feel mighty! The jackal zombie barely misses you.
The rat zombie bites you but does no damage.
The elf zombie hits you.
* * * LOW HITPOINT WARNING * * *
The mummy hits you but does no damage.
You are too berserk!
You barely miss the mummy. Your headbutt misses the mummy.
The mummy is almost destroyed.
The jackal zombie bites you but does no damage.
The mummy hits you!
You die...

#...##############...#
#...# #...# #...#
#...# ##...# #...#
#...# ....+####...#
#...# #.∩.....#...#
#...# #.......#...#
#...# #..ZZZ..#...#
#...#.####.ZZMZ..#...#
#...#......ZM@ZZ.#...#
#...#.####.Z####.#...#
#...# #..# #...# #...#
#^.# #...#
#...######.^######...#
#....................#
#........8..8........#
#....................#
#....................#


You could see 2 mummies, a rat zombie, a jackal zombie, a hobgoblin zombie, 3
kobold zombies, an orc zombie and 3 elf zombies.

Vanquished Creatures
  A phantom (D:4)
  A hound (D:4)
  2 worker ants
  3 adders
  An ooze (D:2)
  An adder zombie (D:5)
  An adder skeleton (D:4)
  A worm (D:2)
  A dart slug (D:1)
  2 leopard geckos (D:2)
  5 orcs (D:3)
  A ball python (D:1)
  9 bats
  2 giant cockroaches (D:2)
  9 goblins
  9 hobgoblins
  8 jackals
  6 kobolds
  A quokka (D:3)
  4 frilled lizards
  A goblin zombie (Ossuary)
  9 hobgoblin zombies (Ossuary)
  2 jackal zombies (D:5)
  5 kobold zombies (Ossuary)
  6 orc zombies (Ossuary)
  6 rats
  A rat zombie (D:5)
98 creatures vanquished.

Notes
Turn   | Place    | Note
-------+----------+-------------------------------------------
     0 | D:1      | Freyura the Demonspawn Monk began the quest for the Orb.
     0 | D:1      | Reached XP level 1. HP: 18/18 MP: 1/1
   155 | D:1      | Gained mutation: You are partially covered in icy blue
                  | scales. (AC +2) [demonic ancestry]
   155 | D:1      | Reached XP level 2. HP: 24/24 MP: 2/2
   500 | D:1      | Gained mutation: You have a pair of small horns on your
                  | head. [demonic ancestry]
   500 | D:1      | Reached XP level 3. HP: 29/29 MP: 3/3
   599 | D:2      | Found an opulent altar of Gozag.
   629 | D:2      | Found a blossoming altar of Fedhas.
  1032 | D:2      | Found a deep blue altar of Sif Muna.
  1139 | D:2      | Found a sacrificial altar of Ru.
  1355 | D:2      | Found a burning altar of Makhleb.
  1363 | D:2      | Became a worshipper of Makhleb the Destroyer
  1363 | D:2      | Reached * piety under Makhleb
  1363 | D:2      | Reached ** piety under Makhleb
  1370 | D:2      | Found a shattered altar of Ashenzari.
  1421 | D:2      | Found a shimmering altar of Xom.
  1512 | D:3      | Reached XP level 4. HP: 35/35 MP: 4/4
  2048 | D:3      | Found a glowing silver altar of Zin.
  2263 | D:4      | Reached skill level 1 in Invocations
  2364 | D:4      | Noticed a phantom
  2365 | D:4      | Found an iron altar of Okawaru.
  2393 | D:4      | Reached XP level 5. HP: 25/42 MP: 4/6
  2422 | D:4      | Killed a phantom
  2422 | D:4      | Reached skill level 1 in Armour
  2797 | D:5      | Entered Level 5 of the Dungeon
  2801 | D:5      | Gained mutation: You have a pair of horns on your head.
                  | [demonic ancestry]
  2801 | D:5      | Reached XP level 6. HP: 48/48 MP: 7/7
  2901 | D:5      | Found a sand-covered staircase.
  2918 | Ossuary  | Entered an ossuary
  3075 | Ossuary  | HP: 2/48 [mummy (6)]
  3077 | Ossuary  | Gained mutation: Your muscles are strong. (Str +2) [potion
                  | of mutation]
  3077 | Ossuary  | Gained mutation: You are agile. (Dex +2) [potion of
                  | mutation]
  3079 | Ossuary  | Mangled by a mummy

Skill      XL: |  1  2  3  4  5  6 |
---------------+-------------------+-----
Polearms       | 3 4 |  4.6
Dodging        | 3 |  3.7
Invocations    | 1 2 |  2.2
Armour         | 1 |  1.3
Fighting       | 4 |  4.0
Stealth        | |  1.7

Action                   |  1- 3 |  4- 6 || total
-------------------------+-------+-------++-------
Melee: Spear             |   190 |   265 ||   455
       Headbutt          |    11 |    50 ||    61
  Use: Scroll            |       |     6 ||     6
       Potion            |       |     3 ||     3
 Stab: Sleeping          |     7 |       ||     7
  Eat: Ration            |     1 |     2 ||     3
Armor: Robe              |    47 |     6 ||    53
       Chain mail        |       |   137 ||   137
Dodge: Dodged            |   126 |    76 ||   202
